Map: Divergence LE

Players

guyrandomnes

  • Race: Terran Terran
  • League: Gold
  • Spawn Location: 11:00

Fordington

  • Race: Zerg Zerg
  • League: Platinum
  • Spawn Location: 11:00

Massa - Winner!

  • Race: Terran Terran
  • League: Gold
  • Spawn Location: 5:00

qqq - Winner!

  • Race: Zerg Zerg
  • League: Platinum
  • Spawn Location: 5:00

VOD

Have the link to the VOD?

Description

Time

  • Played on: May 31, 2020, 6:44 a.m.
  • Length: 9:14
Show
View Real Time Build Order
Export as new Build Order

guyrandomnes Terran 

Build Orders:  

Get SALT Encoding   

  12  0:02  SCV  
  13  0:14  SCV  
  14  0:22  Supply Depot  
  14  0:26  SCV  
  15  0:29  Refinery  
  15  0:43  SCV  
  15  0:47  Barracks  
  16  0:55  SCV  
  17  1:08  SCV  
  18  1:20  SCV  
  19  1:31  Barracks x2  
  19  1:36  Supply Depot  
  19  1:39  Reaper  
  20  2:06  SCV  
  21  2:17  Marine  
  21  2:18  SCV  
  23  2:28  Supply Depot  
  23  2:30  Marine x2  
  23  2:35  Marine  
  25  2:54  Marine x3  
  27  3:11  Marine  
  27  3:12  Marine x2  
  30  3:18  Factory  
  30  3:29  Marine  
  31  3:42  Bunker  
  31  3:48  Factory  
  31  3:52  Supply Depot  
  31  3:53  Supply Depot  
  31  3:54  Supply Depot  
  31  3:56  Supply Depot  
  31  3:58  Marine  
  31  4:00  Marine x2  
  24  4:16  Factory Tech Lab, Marine  
  24  4:18  Marine x2  
  19  4:45  Siege Tank  
  13  4:52  SCV  
  12  5:04  SCV  
  13  5:26  SCV  
  14  5:54  SCV  
  15  6:07  SCV  
  16  6:20  SCV  
  16  6:24  Supply Depot  
  17  6:33  SCV  
  18  6:45  SCV  
  18  7:05  Siege Tank  
  18  7:06  SCV  
  18  7:07  Factory Tech Lab  
  22  7:11  Marine x2  
  24  7:18  SCV  
  19  7:30  SCV  
  18  7:54  SCV  
  19  8:06  SCV  
  20  8:13  Barracks Tech Lab  
  20  8:14  Barracks Reactor  
  20  8:20  SCV  
  21  8:31  Command Center  
  21  8:32  SCV  
  22  8:40  Marine  
  23  8:44  SCV  
Show
View Real Time Build Order
Export as new Build Order

Fordington Zerg 

Build Orders: Hatch First 

Get SALT Encoding   

  12  0:01  Drone  
  13  0:14  Overlord  
  13  0:16  Drone  
  14  0:33  Drone x2  
  16  0:53  Drone  
  16  0:54  Hatchery  
  16  0:57  Drone  
  16  1:00  Drone  
  18  1:07  Extractor  
  17  1:16  Spawning Pool  
  16  1:20  Drone  
  16  1:24  Drone  
  18  1:31  Drone  
  19  1:40  Drone  
  20  1:51  Overlord  
  20  2:04  Queen  
  20  2:05  Zergling x2  
  23  2:32  Zergling x8  
  23  2:33  Zergling x2  
  22  2:53  Roach Warren  
  22  2:57  Queen  
  21  2:59  Drone x3  
  24  3:25  Overlord  
  24  3:27  Hatchery  
  23  3:36  Zergling x2, Roach  
  23  3:37  Roach  
  28  3:51  Roach x2  
  28  3:55  Drone  
  33  3:56  Extractor  
  29  4:08  Zergling x2, Roach  
  29  4:09  Roach  
  29  4:22  Zergling x4, Roach  
  29  4:34  Roach x2  
  32  4:41  Zergling x2  
  32  4:45  Roach  
  35  4:54  Drone  
  35  4:55  Overlord  
  34  5:23  Drone x9  
  40  6:13  Roach x2  
  40  6:14  Overlord  
  40  6:15  Overlord  
  40  6:26  Roach x2  
  40  6:27  Roach  
  40  6:30  Roach x2  
  44  6:48  Zergling x16  
  44  6:53  Drone  
  53  7:00  Extractor  
  52  7:04  Overlord, Roach  
  52  7:05  Roach x3  
  52  7:06  Hatchery  
  59  7:09  Drone  
  59  7:14  Overlord  
  60  7:23  Evolution Chamber  
  51  7:30  Roach  
  51  7:31  Roach x4  
  47  7:52  Ravager  
  47  7:58  Drone x3  
  50  8:00  Overlord  
  50  8:05  Ravager  
  52  8:09  Ravager  
  53  8:30  Ravager x2  
  53  8:34  Zergling x8, Roach  
  58  8:35  Zergling x22  
  61  8:53  Roach  
  61  8:54  Roach x4  
Show
View Real Time Build Order
Export as new Build Order

Massa Terran - Winner!

Build Orders:  

Get SALT Encoding   

  12  0:16  SCV  
  12  0:18  Supply Depot  
  13  0:28  SCV  
  14  0:40  SCV  
  15  0:48  Barracks  
  15  0:53  SCV  
  16  1:05  SCV  
  16  1:09  Supply Depot  
  17  1:15  Barracks  
  17  1:17  SCV  
  18  1:29  SCV  
  19  1:41  Refinery  
  19  1:42  Marine  
  20  1:50  Barracks  
  20  1:58  Orbital Command  
  20  2:00  Marine  
  21  2:05  Supply Depot  
  21  2:07  Marine, Supply Depot  
  22  2:23  Marine  
  22  2:25  Marine  
  23  2:41  Marine  
  23  2:43  Marine  
  25  2:55  Marine  
  24  2:59  Marine  
  24  3:01  Marine  
  26  3:13  Marine  
  26  3:16  Marine  
  26  3:18  Marine  
  25  3:31  Marine  
  26  3:34  Marine  
  26  3:36  Marine  
  27  3:48  Marine  
  27  3:50  Factory  
  27  3:52  Marine  
  27  3:54  Marine  
  30  4:06  Marine  
  31  4:10  Marine  
  31  4:12  Marine  
  33  4:24  Marine  
  33  4:28  Marine  
  33  4:30  Marine  
  33  4:42  Marine  
  31  4:46  Marine  
  31  4:47  Marine  
  28  5:00  Marine  
  28  5:03  Marine  
  28  5:05  Marine  
  24  5:14  Factory Tech Lab  
  24  5:17  Marine  
  24  5:18  Barracks  
  24  5:21  Marine  
  24  5:23  Marine  
  25  5:30  Command Center  
  25  5:35  Marine  
  25  5:39  Marine  
  25  5:41  Marine  
  26  5:48  SCV  
  27  5:53  Marine  
  25  5:57  Marine  
  25  5:58  Siege Tank  
  25  5:59  Marine  
  25  6:00  SCV  
  29  6:06  Marine  
  29  6:11  Marine  
  29  6:15  Marine  
  29  6:17  Marine  
  32  6:24  Marine  
  33  6:29  Marine  
  34  6:32  Marine  
  34  6:34  Marine  
  36  6:42  Marine  
  36  6:46  Marine  
  37  6:49  Refinery  
  37  6:50  Marine  
  37  6:52  Marine, Engineering Bay  
  40  6:57  Factory Tech Lab  
  40  7:00  Marine  
  40  7:01  SCV  
  42  7:04  SCV, Marine  
  42  7:08  Marine  
  44  7:10  Marine  
  44  7:11  Starport  
  44  7:13  SCV  
  47  7:16  SCV  
  47  7:25  SCV  
  47  7:28  SCV  
  45  7:31  Marine x4  
  41  7:37  SCV  
  41  7:40  SCV  
  41  7:44  Siege Tank  
  42  7:49  SCV, Marine x4  
  47  7:52  SCV  
  48  8:06  Marine  
  48  8:07  Marine x3  
  48  8:08  Missile Turret  
  52  8:22  Orbital Command  
  52  8:24  SCV, Marine x2  
  52  8:25  Marine x2  
  57  8:28  Missile Turret  
  57  8:36  SCV  
  58  8:42  Marine x3  
  53  8:48  SCV  
  53  8:51  Missile Turret  
  53  9:00  SCV  
Show
View Real Time Build Order
Export as new Build Order

qqq Zerg - Winner!

Build Orders: Hatch First 

Get SALT Encoding   

  12  0:05  Drone  
  13  0:08  Drone  
  14  0:35  Hatchery  
  13  0:50  Spawning Pool  
  12  0:57  Overlord  
  12  1:02  Drone  
  13  1:06  Drone  
  14  1:17  Drone  
  15  1:30  Drone  
  15  1:31  Drone  
  17  1:42  Zergling x2  
  18  1:48  Zergling x2  
  20  1:54  Zergling x2  
  20  1:59  Zergling x2  
  21  2:08  Spine Crawler  
  20  2:09  Spine Crawler  
  20  2:12  Spine Crawler  
  18  2:17  Spine Crawler  
  17  2:25  Queen  
  19  2:41  Drone  
  19  2:42  Extractor, Zergling x4  
  19  2:43  Drone  
  20  3:16  Zergling x4  
  20  3:17  Drone x2, Zergling x2  
  20  3:18  Drone  
  24  3:28  Zergling x2  
  24  3:29  Zergling x2  
  26  3:46  Drone  
  26  3:47  Zergling x2  
  28  3:54  Overlord  
  28  4:08  Queen  
  28  4:22  Zergling x4  
  28  4:23  Drone, Zergling x6  
  28  4:24  Drone, Zergling x2  
  31  4:32  Zergling x2  
  32  4:39  Metabolic Boost  
  32  4:40  Zergling x2  
  32  4:41  Zergling x2  
  33  4:46  Zergling x2  
  33  4:51  Zergling x2  
  35  5:02  Zergling x2  
  35  5:21  Zergling x6  
  34  5:22  Zergling x2  
  34  5:34  Zergling x2  
  34  5:35  Zergling x2  
  35  5:42  Zergling x2  
  32  5:55  Zergling x6  
  35  6:07  Zergling x2  
  35  6:08  Overlord x3  
  34  6:34  Zergling x8  
  34  6:35  Drone x2, Overlord  
  40  6:43  Lair  
  40  6:46  Drone  
  40  6:47  Drone x3  
  44  6:58  Hatchery  
  44  6:59  Zergling x8  
  44  7:00  Roach Warren  
  44  7:01  Zergling x2  
  43  7:26  Zergling x10  
  43  7:27  Zergling x10  
  40  7:47  Zergling x2  
  40  7:48  Zergling x6  
  42  8:04  Zergling x2  
  43  8:07  Roach  
  43  8:08  Roach  
  47  8:17  Evolution Chamber  
  46  8:20  Drone  
  46  8:21  Drone  
  46  8:22  Roach x3  
  46  8:26  Queen  
  54  8:35  Hatchery  
  52  9:00  Drone x3  
Tags
 
Add a new tag
Caveats
  • Supply blocks, unpowered buildings, or Contaminate may cause inaccurate times.
  • Supply counts are checked every 10 seconds.